 Dungeon Crawl Stone Soup version 0.30.1-9-gdf580d7c3d (webtiles) character file.

Game seed: 14031258519002531859

6 Psyclone the Conjurer (level 1, -2/10 HPs)
             Began as a Deep Elf Conjurer on Oct 1, 2023.
             Slain by a hobgoblin (4 damage)
             ... on level 1 of the Dungeon.
             The game lasted 00:00:56 (55 turns).

Psyclone the Conjurer (Deep Elf Conjurer)             Turns: 55, Time: 00:00:57

Health: -2/10      AC:  2    Str:  4    XL:     1   Next: 75%
Magic:  1/6        EV: 12    Int: 22    God:
Gold:   23         SH:  0    Dex: 13    Spells: 5/6 levels left

rFire   . . .        c - +0 dagger
rCold   . . .        (no shield)
rNeg    . . .        a - +0 robe
rPois   .            (no helmet)
rElec   .            (no cloak)
rCorr   .            (no gloves)
SInv    .            (no boots)
Will    .....        (no amulet)
Stlth   ++           (no ring)
HPRegen 0.21/turn    (no ring)
MPRegen 0.10/turn

%: no passive effects
@: no status effects
A: no striking features
a: no special abilities


You were on level 1 of the Dungeon.
You visited 1 branch of the dungeon, and saw 1 of its levels.

You collected 23 gold pieces.

Inventory:

Hand Weapons
 c - a +0 dagger (weapon)
Armour
 a - a +0 robe (worn)
Potions
 b - a potion of magic


   Skills:
 - Level 2.4 Dodging
 - Level 2.4 Stealth
 - Level 3.0 Spellcasting
 + Level 4.8 Conjurations


You had 5 spell levels left.
You knew the following spells:

 Your Spells              Type           Power      Damage    Failure   Level
a - Magic Dart            Conj           96%        1d7       1%          1

Your spell library contained the following spells:

 Spells                   Type           Power      Damage    Failure   Level
 Searing Ray              Conj           48%        2d6       2%          2
 Dazzling Flash           Conj/Hex       26%        N/A       14%         3
 Fulminant Prism          Conj/Hex       6%         3d6       43%         4
 Iskenderun's Mystic Bla  Conj/Tloc      13%        2d5       43%         4


Dungeon Overview and Level Annotations

Branches:
Dungeon (1/15) Zot: 5942

Altars:


Message History

You take 2 damage, and have 8/10 hp.
You hit the rat.
You kill the rat!
The bat barely misses you.
You closely miss the bat. The bat closely misses you.
You hit the kobold.
The kobold is moderately wounded.
The bat closely misses you. The kobold hits you with a +0 dagger.
You take 2 damage, and have 7/10 hp.
You hit the kobold.
The kobold is heavily wounded.
The bat hits you but does no damage. The bat hits you.
The kobold hits you with a +0 dagger.
You take 3 damage, and have 4/10 hp.
MASSIVE DAMAGE!!
You hit the kobold.
You kill the kobold!
The bat hits you.
* * * LOW HITPOINT WARNING * * *
You take 1 damage, and have 3/10 hp.
Casting: Magic Dart (safe; 1% risk of failure)
Confirm with . or Enter, or press ? or * to list all spells.
Aiming: Magic Dart (safe; 1% risk of failure)
Press: ? - help, Shift-Dir - straight line, f/p - hobgoblin
Aim: a hobgoblin (100% to hit)
The magic dart hits the hobgoblin but does no damage.
The bat hits you.
* * * LOW HITPOINT WARNING * * *
The hobgoblin closely misses you.
You take 1 damage, and have 2/10 hp.
You now have 2/6 mp.
Casting: Magic Dart (safe; 1% risk of failure)
Confirm with . or Enter, or press ? or * to list all spells.
Aiming: Magic Dart (safe; 1% risk of failure)
Press: ? - help, Shift-Dir - straight line, f/p - hobgoblin
Aim: a hobgoblin (100% to hit)
The magic dart hits the hobgoblin.
The hobgoblin is almost dead.
The bat hits you.
* * * LOW HITPOINT WARNING * * *
The hobgoblin hits you.
You die...

.. ......... #.
.....#.##
#.###..)#....
#..#.!....>.
###.....#..#
##.....#....#
#.........K##########
#!.###g#..8.~~~~~~~~##
#@#.#.~g~.....~~#
#.).#.~~..~~~..~#
#..b#.~..~~~~~..#
#...+.~.~~...~~.#
#...+.~..~<~..~.+
....#.~~...~~.~†+
....#..~~~~~..~.#
....#~..~~~[.~~.#
#~~.....~~~.##


You could see a hobgoblin and a bat.

Vanquished Creatures
  A bat (D:1)
  An endoplasm (D:1)
  A kobold (D:1)
  A ball python (D:1)
  A frilled lizard (D:1)
  A rat (D:1)
6 creatures vanquished.

Notes
Turn   | Place    | Note
-------+----------+-------------------------------------------
     0 | D:1      | Psyclone the Deep Elf Conjurer began the quest for the Orb.
     0 | D:1      | Reached XP level 1. HP: 10/10 MP: 6/6
    55 | D:1      | Slain by a hobgoblin

Illustrated notes

Levels and vault maps discovered:
D:1:      psy_arrival_whirlpool, layout_rooms, serial_shops,
          nicolae_shop_hallway_plus, minmay_tetromino_i4

Action                     || total
---------------------------++-------
  Melee: Dagger            ||     6
         Unarmed           ||     1
   Cast: Magic Dart        ||     9
 Armour: Robe              ||     1
  Dodge: Dodged            ||    12
